 Dungeon Crawl Stone Soup version 0.23.3-3-gaaff5abdbf (webtiles) character file.

Game seed: 11222974574588471416

20333 MordorOrchid the Grappler (level 12, -1/112 HPs)
             Began as a Minotaur Transmuter on June 9, 2020.
             Was a High Priest of Cheibriados.
             Slain by a seven-headed hydra (13 damage)
             ... on level 3 of the Lair of Beasts.
             The game lasted 01:03:57 (8957 turns).

MordorOrchid the Grappler (Minotaur Transmuter)     Turns: 8957, Time: 01:03:57

Health: -1/112     AC:  6    Str: 28    XL:     12   Next: 44%
Magic:  20/20      EV: 15    Int: 26    God:    Cheibriados [*****.]
Gold:   779        SH:  0    Dex: 23    Spells: 9/23 levels left

rFire    x . .     SeeInvis +     - Unarmed
rCold    + + +     Gourm    .   (shield currently unavailable)
rNeg     + . .     Faith    .   (armour currently unavailable)
rPois    +         Spirit   .   (helmet currently unavailable)
rElec    .         Reflect  .   (cloak currently unavailable)
rCorr    .         Harm     .   (gloves currently unavailable)
MR       .....                  (boots currently unavailable)
Stlth    ++........             A - amulet of magic regeneration
HPRegen  0.28/turn              h - +4 ring of slaying
MPRegen  0.42/turn              L - ring of Sif Muna's Generosity {rN+ SInv}

@: ice-form, drained, very slow
A: large, (retaliatory headbutt)
a: End Transformation, Bend Time, Temporal Distortion, Slouch, Step From Time,
Renounce Religion


You were on level 3 of the Lair of Beasts.
You worshipped Cheibriados.
Cheibriados was extremely pleased with you.
You were not hungry.
You were a creature of crystalline ice.
You visited 3 branches of the dungeon, and saw 16 of its levels.

You collected 779 gold pieces.

Inventory:

Hand Weapons
 n - a +0 hunting sling
Missiles
 a - 237 arrows
 c - 75 sling bullets
 q - 3 steel javelins (quivered)
 w - 44 bolts
 I - 6 tomahawks
 K - 3 curare-tipped needles
 N - 2 throwing nets
Armour
 l - a +0 ring mail (melded)
 v - a +0 pair of gloves (melded)
 M - a +0 shield
 O - a +3 buckler (melded)
 U - a scarf of spirit shield (melded)
Jewellery
 h - a +4 ring of slaying (left front paw)
 A - an amulet of magic regeneration (around neck)
 B - an uncursed ring of fire
 L - the ring of Sif Muna's Generosity (right front paw) {rN+ SInv}
   (You found it on level 5 of the Dungeon)

   [ring of positive energy]

   It protects you from negative energy.
   It lets you see invisible.
Wands
 b - a wand of enslavement (8)
 u - a wand of disintegration (5)
 z - a wand of flame (31)
 P - a wand of polymorph (4)
 S - a wand of acid (1)
Scrolls
 o - 3 scrolls of teleportation
 p - a scroll of noise
 r - 3 scrolls of blinking
 s - 4 scrolls of fog
 t - 3 scrolls of enchant armour
 x - a scroll of immolation
 D - 5 scrolls of remove curse
 G - a scroll of acquirement {unknown}
 T - a scroll of fear
Potions
 g - 2 potions of heal wounds
 j - 2 potions of ambrosia
 k - 2 potions of agility
 m - 6 potions of flight
 C - 2 potions of cancellation
 E - 3 potions of curing
 F - a potion of resistance
 Q - a potion of lignification {unknown}
 R - a potion of brilliance
Miscellaneous
 e - a lightning rod (2/4)
 y - a lamp of fire
 X - a fan of gales
Comestibles
 d - 30 rations
 f - 4 chunks of flesh


   Skills:
 * Level 5.1(4.2) Fighting
 * Level 8.3(7.3) Armour
 * Level 7.8(6.8) Dodging
 - Level 4.0(3.1) Shields
 * Level 10.2(9.1) Unarmed Combat
 + Level 6.0(5.1) Spellcasting
 - Level 4.0(3.0) Necromancy
 + Level 6.7(5.7) Transmutations
 - Level 4.0(3.0) Ice Magic
 * Level 3.4(2.5) Invocations
 - Level 5.0(4.0) Evocations


You had 9 spell levels left.
You knew the following spells:

 Your Spells              Type           Power        Failure   Level  Hunger
a - Beastly Appendage     Tmut           #####.       1%          1    None
b - Spider Form           Tmut/Pois      ###.......   7%          3    #......
k - Regeneration          Chrm/Necr      ##........   12%         3    #......
s - Sticks to Snakes      Tmut           #####...     1%          2    None
u - Animate Skeleton      Necr           N/A          2%          1    None
y - Ice Form              Ice/Tmut       ####....     12%         4    ###....

Your spell library contained the following spells:

 Spells                   Type           Power        Failure   Level  Hunger
 Pain                     Necr           ###.         2%          1    None
 Vampiric Draining        Necr           ###.......   6%          3    #......
 Confusing Touch          Hex            #.....       8%          1    None
 Shock                    Conj/Air       #...         8%          1    None
 Summon Butterflies       Summ           #.......     8%          1    None
 Summon Small Mammal      Summ           #...         8%          1    None
 Call Imp                 Summ           #.......     12%         2    None
 Swiftness                Chrm/Air       #.......     12%         2    None
 Blade Hands              Tmut           #####.....   21%         5    #####..
 Call Canine Familiar     Summ           #.......     22%         3    #......
 Confuse                  Hex            #.......     22%         3    #......
 Gell's Gravitas          Tloc           #.........   22%         3    #......
 Summon Guardian Golem    Hex/Summ       #.......     22%         3    #......
 Animate Dead             Necr           N/A          22%         4    ###....
 Petrify                  Tmut/Erth      ###.....     24%         4    ###....
 Summon Ice Beast         Ice/Summ       ##......     38%         4    ###....
 Yara's Violent Unravell  Hex/Tmut       ###.......   54%         5    #####..
 Summon Lightning Spire   Summ/Air       #.......     58%         4    ###....
 Metabolic Englaciation   Hex/Ice        ##........   75%         5    #####..
 Summon Mana Viper        Hex/Summ       #.......     91%         5    #####..
 Summon Hydra             Summ           #.........   100%        7    #######


Dungeon Overview and Level Annotations

Branches:
Dungeon (12/15)            Temple (1/1) D:7            Lair (3/6) D:11
 Spider (0/4) Lair:2
  Swamp: Lair:2-4    Shoals: Lair:2-4       Orc: D:9-12

Altars:
Cheibriados
Fedhas
Gozag
Hepliaklqana
Makhleb
Nemelex Xobeh
Okawaru
Qazlal
Ru
Sif Muna
Trog
Uskayaw
Vehumet
Wu Jian
Xom
Zin
The Shining One

Shops:
D:8 (

Annotations:
D:11 2 transporters, Chiseanne's ghost, journeyman OpWr


Innate Abilities, Weirdness & Mutations

((You reflexively headbutt those who attack you in melee.))
((You have a pair of horns on your head.))


Message History

Your bullfrog skeleton hits the seven-headed hydra!
Evoke which item? (* to show all) (? for menu, Esc to quit)
Aiming: Thunderbolt
Press: ? - help, Shift-Dir - straight line, f/p - seven-headed hydra
Aim: a seven-headed hydra (moderately wounded)
The thunderbolt hits the seven-headed hydra!
The seven-headed hydra is moderately wounded.
You hear a trumpeting!
Your komodo dragon skeleton barely misses the seven-headed hydra.
You pummel the seven-headed hydra!! You freeze the seven-headed hydra!
The seven-headed hydra is severely wounded.
Your bullfrog skeleton barely misses the seven-headed hydra.
The seven-headed hydra bites you but does no damage.
The seven-headed hydra bites you!
* * * LOW HITPOINT WARNING * * *
The seven-headed hydra closely misses you.
The seven-headed hydra bites you!
* * * LOW HITPOINT WARNING * * *
The seven-headed hydra bites you!
You die...

##.......#
#........#
###.)......#
#.#P.......#
##.....<%..#
###....^....##
##..........##
#.........#..#
###....†Y.>#####
#P<....D..P#
#..(.ZZ..###
.........#
.....##### ./..P
.... ... ...


You could see a seven-headed hydra, a friendly komodo dragon skeleton and a
friendly bullfrog skeleton.

Vanquished Creatures
  A hydra (Lair:3)
  Harold (D:8)
  3 death yaks
  3 wizards (D:10)
  2 unseen horrors
  A deep elf mage (D:10)
  A cyclops (D:11)
  A manticore (D:11)
  2 centaur skeletons
  3 komodo dragons
  A troll (D:10)
  A jumping spider (Lair:2)
  A slime creature (D:12)
  Prince Ribbit (D:5)
  6 hippogriffs
  A spriggan (D:7)
  25 yaks
  A wyvern (D:11)
  Menkaure (D:6)
  4 water moccasins
  4 porcupines
  2 orc warriors (D:7)
  An ice beast (D:9)
  2 sky beasts
  3 phantoms
  3 centaurs
  4 wolves (Lair:1)
  5 ogres
  7 crocodiles
  2 big kobolds
  10 bullfrogs
  Blork the orc (D:5)
  A gnoll sergeant (D:9)
  A water moccasin zombie (D:7)
  2 scorpions
  8 wights
  5 killer bees (D:12)
  2 howler monkeys (D:5)
  5 crimson imps
  2 bullfrog zombies
  4 centaur zombies
  5 hounds
  A jelly (D:7)
  2 bullfrog skeletons
  4 iguanas
  6 worker ants
  3 orc wizards
  3 hell rats (D:11)
  12 gnolls
  2 worker ant zombies
  18 adders
  2 river rats (D:11)
  3 shadow imps
  2 oozes
  2 adder zombies
  2 adder skeletons (D:6)
  A worm (D:2)
  9 leopard geckos
  13 orcs
  7 bats
  4 giant cockroaches
  8 goblins
  7 hobgoblins
  15 jackals
  13 kobolds
  3 quokkas
  2 ball pythons
  12 frilled lizards
  A jackal skeleton (D:8)
  2 leopard gecko skeletons
  3 quokka skeletons
  13 rats
  A fungus (Lair:2)
315 creatures vanquished.

Vanquished Creatures (collateral kills)
  A hippogriff (Lair:1)
  A basilisk (Lair:2)
  4 yaks (D:9)
  2 porcupines
  An ice beast (D:9)
  A howler monkey skeleton (D:9)
  An orc (D:7)
  A kobold (D:9)
  A rat (D:11)
  A fungus (Lair:1)
14 creatures vanquished.

Vanquished Creatures (others)
  A fungus (Lair:1)
  A plant (Lair:1)
2 creatures vanquished.

Grand Total: 331 creatures vanquished

Notes
Turn   | Place    | Note
-------+----------+-------------------------------------------
     0 | D:1      | MordorOrchid the Minotaur Transmuter began the quest for
                  | the Orb.
     0 | D:1      | Reached XP level 1. HP: 16/16 MP: 1/1
   142 | D:1      | Reached XP level 2. HP: 15/23 MP: 1/3
   470 | D:1      | Reached XP level 3. HP: 21/28 MP: 2/4
   540 | D:1      | Learned a level 2 spell: Sticks to Snakes
   656 | D:1      | Reached skill level 1 in Armour
   931 | D:2      | Reached XP level 4. HP: 25/36 MP: 1/6
  1312 | D:3      | Reached skill level 4 in Unarmed Combat
  1357 | D:3      | Reached XP level 5. HP: 20/42 MP: 7/7
  2019 | D:4      | Reached XP level 6. HP: 30/51 MP: 8/8
  2074 | D:4      | Reached skill level 5 in Unarmed Combat
  2605 | D:4      | Learned a level 3 spell: Spider Form
  3002 | D:5      | Entered Level 5 of the Dungeon
  3162 | D:5      | Noticed Blork the orc
  3165 | D:5      | Killed Blork the orc
  3165 | D:5      | Reached XP level 7. HP: 50/58 MP: 7/9
  3268 | D:5      | Reached skill level 6 in Unarmed Combat
  3643 | D:5      | Got a warped jade ring
  3645 | D:5      | Identified the ring of Sif Muna's Generosity {rN+ SInv}
                  | (You found it on level 5 of the Dungeon)
  3683 | D:5      | Reached XP level 8. HP: 16/66 MP: 11/11
  3980 | D:5      | Noticed Prince Ribbit
  3984 | D:5      | Killed Prince Ribbit
  4046 | D:6      | Found a radiant altar of Vehumet.
  4268 | D:6      | Noticed Menkaure
  4280 | D:6      | Killed Menkaure
  4280 | D:6      | Reached skill level 1 in Shields
  4280 | D:6      | Reached skill level 7 in Unarmed Combat
  4372 | D:6      | Reached skill level 5 in Fighting
  4453 | D:6      | Learned a level 4 spell: Ice Form
  4622 | D:7      | Reached skill level 5 in Dodging
  4631 | D:7      | Reached XP level 9. HP: 55/74 MP: 13/13
  4640 | D:7      | Reached skill level 5 in Armour
  4739 | D:7      | Found a blossoming altar of Fedhas.
  4777 | D:7      | Found a stormy altar of Qazlal.
  4899 | D:7      | Found a staircase to the Ecumenical Temple.
  4925 | Temple   | Entered the Ecumenical Temple
  5043 | Temple   | Became a worshipper of Cheibriados the Contemplative
  5198 | D:7      | Reached skill level 1 in Evocations
  5228 | D:7      | Reached skill level 1 in Ice Magic
  5349 | D:8      | Learned a level 1 spell: Animate Skeleton
  5350 | D:8      | Noticed Harold
  5361 | D:8      | Noticed an unseen horror
  5366 | D:8      | Killed Harold
  5369 | D:8      | Killed an unseen horror
  5369 | D:8      | Reached skill level 1 in Necromancy
  5369 | D:8      | Reached XP level 10. HP: 46/81 MP: 15/15
  5470 | D:7      | Learned a level 3 spell: Regeneration
  5486 | D:8      | Found an ornate altar of the Wu Jian Council.
  5537 | D:8      | Reached * piety under Cheibriados
  5772 | D:8      | Found a hazy altar of Hepliaklqana.
  5773 | D:8      | Found a shimmering altar of Xom.
  5877 | D:8      | Found Zetwi's Weapon Boutique.
  5895 | D:8      | Reached skill level 8 in Unarmed Combat
  5958 | D:9      | Reached skill level 5 in Transmutations
  6050 | D:9      | Reached ** piety under Cheibriados
  6110 | D:9      | Reached skill level 5 in Spellcasting
  6363 | D:9      | Found a burning altar of Makhleb.
  6365 | D:9      | Found a sparkling altar of Nemelex Xobeh.
  6380 | D:9      | Found a sacrificial altar of Ru.
  6424 | D:10     | Entered Level 10 of the Dungeon
  6523 | D:10     | Reached *** piety under Cheibriados
  6588 | D:10     | Noticed a wizard
  6600 | D:10     | Killed a wizard
  6600 | D:10     | Reached XP level 11. HP: 62/86 MP: 12/18
  6606 | D:10     | Noticed a deep elf mage
  6607 | D:10     | Identified Sif Muna's Catalogue of Dhcmrlchtdj
  6611 | D:10     | Killed a deep elf mage
  6631 | D:10     | Identified the Volume of Combed Thunderclap
  6635 | D:10     | Noticed a wizard
  6636 | D:10     | Noticed a wizard
  6919 | D:10     | Killed a wizard
  6927 | D:10     | Identified the Handbook of Axaxaxas mlö
  6996 | D:10     | Killed a wizard
  7033 | D:11     | Found a transporter.
  7068 | D:11     | Found a transporter.
  7068 | D:11     | Noticed Chiseanne's ghost (journeyman OpWr)
  7070 | D:11     | Noticed a frost giant
  7075 | D:11     | Noticed an unseen horror
  7078 | D:11     | Noticed a death yak
  7079 | D:11     | Noticed a death yak
  7084 | D:11     | Killed an unseen horror
  7084 | D:11     | Reached skill level 9 in Unarmed Combat
  7159 | D:11     | Reached **** piety under Cheibriados
  7217 | D:11     | Found a staircase to the Lair.
  7255 | Lair:1   | Entered Level 1 of the Lair of Beasts
  7413 | D:11     | Noticed a death yak
  7427 | D:11     | Killed a death yak
  7427 | D:11     | Reached skill level 1 in Invocations
  7497 | D:10     | Killed a death yak
  7555 | D:10     | Killed a death yak
  7670 | D:11     | Got a distressingly furry chain mail
  8099 | Lair:1   | Reached XP level 12. HP: 94/94 MP: 20/20
  8116 | Lair:1   | Identified the cursed +0 chain mail of Negligence {*Slow
                  | MR+ Int+2} (You found it on level 11 of the Dungeon)
  8193 | Lair:1   | Reached ***** piety under Cheibriados
  8509 | Lair:2   | Reached skill level 10 in Unarmed Combat
  8581 | Lair:2   | Found a hole to the Spider Nest.
  8946 | Lair:3   | Noticed an eight-headed hydra
  8950 | Lair:3   | Noticed a seven-headed hydra
  8952 | Lair:3   | Killed an eight-headed hydra
  8952 | Lair:3   | Reached skill level 5 in Evocations
  8957 | Lair:3   | Slain by a seven-headed hydra

Skill      XL: |  1  2  3  4  5  6  7  8  9 10 11 12 |
---------------+-------------------------------------+-----
Armour         | 1 2 3 4 5 6 8 |  8.3
Transmutations | 2 3 4 5 6 |  6.7
Fighting       | 2 3 4 5 |  5.1
Spellcasting   | 2 3 4 5 6 |  6.0
Unarmed Combat | 4 5 6 7 8 9 10 | 10.2
Dodging        | 3 4 5 6 7 |  7.8
Shields        | 1 3 4 |  4.0
Evocations     | 2 3 4 5 |  5.0
Ice Magic      | 1 2 3 4 |  4.0
Necromancy     | 1 2 3 4 |  4.0
Invocations    | 2 3 |  3.4

Action                   |  1- 3 |  4- 6 |  7- 9 | 10-12 || total
-------------------------+-------+-------+-------+-------++-------
Melee: Unarmed           |    62 |    87 |   165 |   356 ||   670
       Headbutt          |     6 |    10 |    24 |    92 ||   132
       Kick              |     6 |    11 |    30 |   134 ||   181
       Punch             |       |     1 |     2 |       ||     3
Throw: Stone             |     3 |       |       |       ||     3
       Javelin           |       |     5 |     4 |     6 ||    15
 Cast: Beastly Appendage |    20 |    27 |    33 |    66 ||   146
       Sticks to Snakes  |     2 |     7 |     8 |     9 ||    26
       Animate Skeleton  |       |       |       |    55 ||    55
       Regeneration      |       |       |       |     2 ||     2
       Ice Form          |       |       |       |     2 ||     2
Invok: Bend Time         |       |       |       |     5 ||     5
       Temporal Distorti |       |       |       |     1 ||     1
Evoke: Wand              |       |       |     3 |     1 ||     4
       Lightning rod     |       |       |       |     4 ||     4
  Use: Scroll            |       |    11 |     5 |    12 ||    28
       Potion            |       |     1 |     2 |     3 ||     6
 Stab: Distracted        |       |       |     1 |     3 ||     4
       Sleeping          |       |       |       |     1 ||     1
  Eat: Chunk             |     1 |     9 |     8 |     8 ||    26
Armor: Robe              |     8 |     9 |       |       ||    17
       Leather armour    |       |       |    20 |       ||    20
       Ring mail         |       |       |     4 |    53 ||    57
       Skin              |       |       |       |     6 ||     6
Dodge: Dodged            |    33 |    39 |    51 |   165 ||   288
Block: Buckler           |       |       |    18 |    90 ||   108
